 Dungeon Sprint DCSS version 0.19-a0-1065-gdac414d (webtiles) character file.

5 Kidiri the Sneak (level 1, -1/9 HPs)
             Began as a Spriggan Enchanter on Aug 3, 2016.
             Was an Initiate of Okawaru.
             Slain by a gnoll
             ... wielding a +0 spear
              (8 damage)
             ... in the Dungeon (Sprint VII: "The Pits").
             The game lasted 00:01:09 (88 turns).

Kidiri the Sneak (Spriggan Enchanter)                 Turns: 88, Time: 00:01:10

Health: -1/9       AC:  3    Str:  4    XL:     1   Next: 66%
Magic:  3/5        EV: 18    Int: 16    God:    Okawaru [......]
Gold:   0          SH:  0    Dex: 16    Spells: 1 memorised, 5 levels left

rFire  . . .     SeeInvis +     a - +2 dagger
rCold  . . .     Gourm    .     b - +1 robe
rNeg   . . .     Faith    .     (shield restricted)
rPois  .         Spirit   .     (helmet restricted)
rElec  .         Dismiss  .     (no cloak)
rCorr  .         Reflect  .     (gloves unavailable)
SustAt .         Harm     .     (boots unavailable)
MR     .....     NoTele   +     (no amulet)
Stlth  +++.......               (no ring)
                                (no ring)

@: very quick
A: unfitting armour, see invisible, herbivore 3, speed 3, slow metabolism 2
a: Renounce Religion


You were in the Dungeon.
You worshipped Okawaru.
Okawaru was noncommittal.
You were not hungry.

You visited 1 branch

Inventory:

Hand Weapons
 a - a +2 dagger (weapon)
Armour
 b - a +1 robe (worn)
Scrolls
 j - a scroll of blinking
 m - 3 scrolls of remove curse
 n - 5 scrolls of amnesia
 o - a scroll of summoning
Potions
 e - a potion of curing
 f - a potion of heal wounds
 g - a potion of haste
 h - 4 potions of magic
 i - 3 potions of berserk rage
 l - 2 potions of invisibility
Books
 c - a book of Maledictions

   Spells                             Type                      Level
   a - Corona                         Hexes                        1
   b - Ensorcelled Hibernation        Hexes/Ice                    2
   c - Confuse                        Hexes                        3
   d - Tukima's Dance                 Hexes                        3
   e - Dazzling Spray                 Conjuration/Hexes            3
Comestibles
 d - 8 bread rations
 k - 40 fruits


   Skills:
 + Level 0.7 Fighting
 * Level 1.9 Short Blades
 + Level 0.5 Armour
 * Level 3.3 Dodging
 * Level 4.7 Stealth
 * Level 3.1 Spellcasting
 + Level 3.8 Hexes
 + Level 0.4 Invocations


You had 5 spell levels left.
You knew the following spells:

 Your Spells              Type           Power        Failure   Level  Hunger
a - Corona                Hex            ##.....      4%          1    None


Dungeon Overview and Level Annotations

Branches:
Dungeon (1/1)

Altars:
Ashenzari
Cheibriados
Dithmenos
Elyvilon
Fedhas
Gozag
Kikubaaqudgha
Makhleb
Nemelex Xobeh
Okawaru
Pakellas
Qazlal
Ru
Sif Muna
Trog
Vehumet
Xom
Yredelemnul
Zin
The Shining One
Beogh
Jiyva
Lugonu


Innate Abilities, Weirdness & Mutations

You are tiny and cannot use many weapons and most armour.
You have supernaturally acute eyesight. (SInv)
You are a herbivore.
You cover ground extremely quickly.
You need consume almost no food.


Message History

Your Spellcasting skill increases to level 3!
The gnoll barely misses you.
Things that are here:
a chunk of flesh; a giant newt skeleton
Casting: Corona
Confirm with . or Enter, or press ? or * to list all spells.
Aiming: Corona
Press: ? - help, Shift-Dir - straight line, f - gnoll
Aim: a gnoll, wielding a spear (chance to defeat MR: 60%)
The gnoll struggles to resist.
The gnoll misses you.
Casting: Corona
Confirm with . or Enter, or press ? or * to list all spells.
Aiming: Corona
Press: ? - help, Shift-Dir - straight line, f/p - gnoll
Aim: a gnoll, wielding a spear (chance to defeat MR: 60%)
The gnoll struggles to resist.
You open the door.
The gnoll hits you from afar with a spear!
Ouch! That really hurt!
You die...

############
#__________#
#__________#
#_#####+##############++
#_#)))+.+%.##...........
#_#)))#.#?(##......#..#.
#######+#####...........
#........g%@'...........
#+#####'#####......#..#.
#.g. #........... #...#
####+#####++ #####
#.......# #.......#
#.......# #...<...#
#.......#


You could see a gnoll.

Vanquished Creatures
  An ooze (D)
  A giant newt (D)
2 creatures vanquished.

Notes
Turn   | Place    | Note
-------+----------+-------------------------------------------
     0 | D        | Kidiri the Spriggan Enchanter began the quest for the Orb.
     0 | D        | Reached XP level 1. HP: 9/9 MP: 5/5
    48 | D        | Found a sacrificial altar of Ru.
    48 | D        | Found a basalt altar of Yredelemnul.
    48 | D        | Found a shadowy altar of Dithmenos.
    48 | D        | Found a deep blue altar of Sif Muna.
    48 | D        | Found a burning altar of Makhleb.
    48 | D        | Found a shimmering altar of Xom.
    48 | D        | Found an ancient bone altar of Kikubaaqudgha.
    48 | D        | Found a sparkling altar of Nemelex Xobeh.
    49 | D        | Found a glowing golden altar of the Shining One.
    49 | D        | Found a bloodstained altar of Trog.
    49 | D        | Found a shattered altar of Ashenzari.
    49 | D        | Found a white marble altar of Elyvilon.
    49 | D        | Found a snail-covered altar of Cheibriados.
    49 | D        | Found a blossoming altar of Fedhas.
    49 | D        | Found a radiant altar of Vehumet.
    49 | D        | Found a glowing silver altar of Zin.
    49 | D        | Found a corrupted altar of Lugonu.
    49 | D        | Found a viscous altar of Jiyva.
    49 | D        | Found a roughly hewn altar of Beogh.
    49 | D        | Found an iron altar of Okawaru.
    50 | D        | Found an oddly glowing altar of Pakellas.
    53 | D        | Found a stormy altar of Qazlal.
    54 | D        | Found an opulent altar of Gozag.
    56 | D        | Became a worshipper of Warmaster Okawaru
    88 | D        | Slain by a gnoll

Vault maps used:
D:        pitsprint

Skill      XL: |  1 |
---------------+----+-----
Spellcasting   | 3 |  3.1
Fighting       | |  0.7
Short Blades   | |  1.9
Armour         | |  0.5
Dodging        | |  3.3
Stealth        | |  4.7
Hexes          | |  3.8
Invocations    | |  0.4

Action                   || total
-------------------------++-------
Melee: Dagger            ||    10
 Cast: Corona            ||     3
 Stab: Sleeping          ||     1
Dodge: Dodged            ||    18
